cohdb
Replays
Latest Replays
All Replays
Popular Replays
Top Player Replays
Match Explorer
How It Works
Community
CoH3 Stats
Reddit
Sign in to upload your games and track your stats! →
Sign in with Steam
Match 41531995
Unlisted
Match 41531995
Overview
Messages
Build Orders
End
Panzergrenadier Squad
250 Light Carrier
Panzergrenadier Squad
Construct Light Support Kompanie
Fire Support Elements
Panzerjäger Squad
Flakvierling Half-track
Assault Mechanized Group
2.5-tonne Medical Truck
Combat Half-tracks
Assault Mechanized Group
Selects Armored Support Battlegroup
Pak 38 Anti-tank Gun Team
Selects Vehicle Awareness
Selects Vehicle Awareness
Selects Veteran Gunners
Vehicle Awareness
Selects Flammpanzer III Medium Tank
Flammpanzer III Medium Tank
Construct Panzerarmee Kommand
Walking Stuka Rocket Launcher
Pak 38 Mechanized Group
Selects Battlefield Salvage
Diesel
Nappa
[PD]Folscher
Apache
0
0
Comments
sign in to comment!
No comments posted yet!